 Dungeon Crawl Stone Soup version 0.28.0-45-g0d030f2227 (webtiles) character file.

Game seed: 16237965122372934939

39 MisterFreud the Ducker (level 3, -2/25 HPs)
             Began as a Felid Berserker on May 27, 2022.
             Was a Believer of Trog.
             Slain by a gnoll
             ... wielding a +0 halberd
              (13 damage)
             ... on level 2 of the Dungeon.
             The game lasted 00:01:12 (1700 turns).

MisterFreud the Ducker (Felid Berserker)            Turns: 1700, Time: 00:01:13

Health: -2/25      AC:  1    Str: 13    XL:     3   Next: 28%
Magic:  4/4        EV: 18    Int:  8    God:    Trog [**....]
Gold:   52         SH:  0    Dex: 17    Spells: 2/2 levels left
                                        Lives:  0   Deaths: 0

rFire   . . .      SeeInvis +     - Unarmed
rCold   . . .      Faith    +   (shield unavailable)
rNeg    . . .      Spirit   .   (armour unavailable)
rPois   .          Reflect  .   (helmet unavailable)
rElec   .          Harm     .   (cloak unavailable)
rCorr   .          Rampage  .   (gloves unavailable)
Will    .....                   (boots unavailable)
Stlth   ..........              d - amulet of faith
HPRegen 0.08/turn               (no ring)
MPRegen 0.09/turn               (no ring)

@: berserking, very quick
A: very small, claws 1, fangs 3, see invisible, speed 1, shaggy fur 1, stealthy
paws, no weapons or thrown items, no armour, multi-lived
a: Renounce Religion, Berserk, Trog's Hand


You were on level 2 of the Dungeon.
You worshipped Trog.
Trog was pleased with you.
You visited 1 branch of the dungeon, and saw 2 of its levels.

You collected 52 gold pieces.

Inventory:

Jewellery
 d - an amulet of faith (around neck)
 g - a +6 ring of intelligence
Scrolls
 a - 2 scrolls of identify {unknown}
 b - a scroll of brand weapon {unknown}
 c - a scroll of teleportation {unknown}
 e - a scroll of immolation {unknown}
 f - a scroll of vulnerability {unknown}
Potions
 h - a potion of flight {unknown}


   Skills:
 - Level 3.0 Fighting
 - Level 4.0 Dodging
 + Level 3.0 Stealth
 + Level 3.7 Unarmed Combat


You had 2 spell levels left.
You didn't know any spells.
Your spell library was empty.

Dungeon Overview and Level Annotations

Branches:
Dungeon (2/15)

Altars:


Innate Abilities, Weirdness & Mutations

You have sharp claws.
You have razor-sharp teeth.
You have supernaturally acute eyesight. (SInv)
You cover ground quickly. (Speed+)
You are covered in fur. (AC +1)
Your paws help you pounce on unaware monsters.
You are incapable of wielding weapons or throwing items.
You cannot wear armour.
You gain extra lives every three experience levels.


Message History

Found 19 stones.
You see here a hobgoblin corpse. 2 gnolls come into view.
The gnoll shouts! x2
A gnoll comes into view. It is wielding a +0 halberd.
The gnoll moves out of view.
You hear a shout!
There are monsters nearby!
A gnoll comes into view. It is wielding a +0 club.
The gnoll shouts!
The gnoll misses you. The gnoll misses you. The gnoll barely misses you.
You closely miss the gnoll. The gnoll closely misses you.
You barely miss the gnoll. You claw the gnoll.
The gnoll is moderately wounded.
The gnoll hits you from afar with a +0 halberd.
The gnoll completely misses you.
You claw the gnoll!
The gnoll is almost dead.
The gnoll misses you. The gnoll hits you with a +0 spear.
You scratch the gnoll.
You kill the gnoll!
Trog accepts your kill. The gnoll closely misses you.
Your Stealth skill increases to level 3!
A red film seems to cover your vision as you go berserk!
You feel yourself moving faster!
You feel mighty! The gnoll closely misses you.
You scratch the gnoll. You bite the gnoll.
The gnoll is heavily wounded.
The gnoll closely misses you.
You closely miss the gnoll.
The gnoll is heavily wounded.
The gnoll hits you with a +0 club. The gnoll completely misses you.
You scratch the gnoll.
The gnoll is almost dead.
The gnoll closely misses you.
The gnoll hits you from afar with a +0 halberd!
Ouch! That really hurt!
You die...

..# #.# #.# #.#
#.# #.# #.# #.# #
#.# #.# .### #.#
#.# ....#
#.######.###.....#
.#
#........@ggg....#
.#
#.######.###.....#
.# #.# #.# ....#
.# #.# #.# .### .#
####.######.# # .#
#.†......(#$# ##
.####.##.####.#.#
. ..........# #.#
.####.##..#


You could see 3 gnolls.

Vanquished Creatures
  A gnoll (D:2)
  A dart slug (D:1)
  4 bats
  2 endoplasms (D:1)
  A giant cockroach (D:1)
  2 goblins
  3 hobgoblins
  5 kobolds
  A quokka (D:1)
  4 ball pythons
  A frilled lizard (D:1)
  3 rats (D:1)
28 creatures vanquished.

Notes
Turn   | Place    | Note
-------+----------+-------------------------------------------
     0 | D:1      | MisterFreud the Felid Berserker began the quest for the
                  | Orb.
     0 | D:1      | Reached XP level 1. HP: 10/10 MP: 2/2
   190 | D:1      | Reached skill level 1 in Stealth
   271 | D:1      | Reached XP level 2. HP: 12/14 MP: 3/3
   302 | D:1      | Found a faded altar of an unknown god.
   328 | D:1      | You fall into a shaft and drop 1 floor!
  1461 | D:2      | Reached ** piety under Trog
  1466 | D:2      | Reached XP level 3. HP: 9/17 MP: 4/4
  1700 | D:2      | Slain by a gnoll

Illustrated notes

Levels and vault maps discovered:
D:1:      elethiomel_arrival_infinity_welcomes_careful_drivers, layout_basic,
          shapermc_ecumenical_altar_notcrosses
D:2:      layout_loops_ring, minmay_tetromino_i4, uniq_sigmund

Skill      XL: |  1  2  3 |
---------------+----------+-----
Stealth        | 1 2 3 |  3.0
Fighting       | |  3.0
Dodging        | |  4.0
Unarmed Combat | |  3.7

Action                   || total
-------------------------++-------
Melee: Unarmed           ||    69
       Bite              ||     3
       Punch             ||     2
Invok: Berserk           ||     1
 Stab: Sleeping          ||     5
Armor: Skin              ||     5
Dodge: Dodged            ||    66
